 Dungeon Crawl Stone Soup version 0.29-a0-847-g24c0ca63c9 (webtiles) character file.

Game seed: 14285070872593781430

406 Garessta the Ducker (level 6, 0/51 HPs)
             Began as a Gnoll Gladiator on July 16, 2022.
             Slain by a sky beast (5 damage)
             ... on level 4 of the Dungeon.
             The game lasted 00:07:54 (4035 turns).

Garessta the Ducker (Gnoll Gladiator)               Turns: 4035, Time: 00:07:54

Health: 0/51       AC:  5    Str: 14    XL:     6   Next: 87%
Magic:  9/9        EV: 15    Int:  7    God:
Gold:   115        SH:  0    Dex: 15    Spells: 9/9 levels left

rFire   . . .      SeeInvis .   q - +3 quarterstaff (chaos)
rCold   . . .      Faith    .   (shield currently unavailable)
rNeg    . . .      Spirit   .   o - +0 leather armour
rPois   .          Reflect  .   c - +0 helmet
rElec   .          Harm     .   v - +0 cloak
rCorr   .          Rampage  .   (no gloves)
Will    .....                   (no boots)
Stlth   ++........              (no amulet)
HPRegen 0.17/turn               f - ring of wizardry
MPRegen 0.11/turn               (no ring)

@: no status effects
A: fangs 1, strong nose, distributed training
a: no special abilities


You were on level 4 of the Dungeon.
You visited 1 branch of the dungeon, and saw 4 of its levels.

You collected 115 gold pieces.

Inventory:

Hand Weapons
 a - a +0 long sword
 q - a +3 quarterstaff of chaos (weapon)
 w - a +3 dagger
Missiles
 e - a javelin
 i - 12 stones
 t - 3 poisoned darts (quivered)
Armour
 c - a +0 helmet (worn)
 o - a +0 leather armour (worn)
 v - a +0 cloak (worn)
Jewellery
 f - a ring of wizardry (left hand)
Wands
 b - a wand of charming (4)
 p - a wand of flame (6)
Scrolls
 g - 4 scrolls of teleportation {unknown}
 h - a scroll of summoning {unknown}
 k - 5 scrolls of identify {unknown}
 l - 2 scrolls of magic mapping {unknown}
 m - a scroll of blinking {unknown}
 n - a scroll of fog {unknown}
 r - a scroll of noise {unknown}
 s - a scroll of amnesia {unknown}
Potions
 j - a potion of heal wounds {unknown}
 u - 2 potions of curing {unknown}


   Skills:
 + Level 5.1 Fighting
 + Level 2.2 Short Blades
 + Level 6.9 Long Blades
 + Level 2.2 Axes
 + Level 2.2 Maces & Flails
 + Level 2.2 Polearms
 + Level 2.2 Staves
 + Level 2.2 Ranged Weapons
 + Level 5.1 Throwing
 + Level 2.2 Armour
 + Level 6.9 Dodging
 + Level 2.2 Stealth
 + Level 2.2 Shields
 + Level 2.2 Unarmed Combat
 + Level 2.2 Spellcasting
 + Level 1.8 Conjurations
 + Level 1.8 Hexes
 + Level 1.8 Summonings
 + Level 1.8 Necromancy
 + Level 1.8 Translocations
 + Level 1.8 Transmutations
 + Level 1.8 Fire Magic
 + Level 1.8 Ice Magic
 + Level 1.8 Air Magic
 + Level 1.8 Earth Magic
 + Level 1.8 Poison Magic
 + Level 2.4 Invocations
 + Level 2.2 Evocations


You had 9 spell levels left.
You didn't know any spells.
Your spell library contained the following spells:

 Spells                   Type           Power      Damage    Failure   Level
 Stone Arrow              Conj/Erth      6%         3d7       26%         3
 Animate Armour           Summ/Erth      6%         N/A       61%         4
 Lehudib's Crystal Spear  Conj/Erth      1%         10d2      100%        8


Dungeon Overview and Level Annotations

Branches:
Dungeon (4/15)
 Temple: D:4-7

Altars:


Innate Abilities, Weirdness & Mutations

You have very sharp teeth.
Your uncanny sense of smell can sniff out nearby items.
Your experience applies equally to all skills.


Message History

The orc shouts!
The orc hits you but does no damage.
You hit the orc.
The orc is moderately wounded.
The orc closely misses you.
You hit the orc.
Space warps around the orc.
You kill the orc!
No target in view!
A sky beast and a ball python come into view.
The sky beast flickers out of sight!
Deactivating autopickup; reactivate with Ctrl-A.
A sky beast appears from thin air!
Reactivating autopickup.
w - a +3 dagger (weapon)
Throw: throwing net
Press: ? - help, Shift-Dir - straight line, f - sky beast
Aim: a sky beast (53% to hit)
You throw a throwing net.
The throwing net closely misses the sky beast.
The sky beast barely misses you.
Your +3 quarterstaff of chaos is briefly surrounded by a scintillating aura of random colours.
q - a +3 quarterstaff of chaos (weapon)
You closely miss the sky beast. The sky beast hits you.
The sky beast shocks you.
You hit the sky beast.
The sky beast is moderately wounded.
The sky beast flickers out of sight!
Deactivating autopickup; reactivate with Ctrl-A.
Something hits you. Something shocks you. Something hits you.
Something shocks you.
You barely miss something. Something hits you. Something shocks you.
You miss something. Something hits you. Something shocks you.
* * * LOW HITPOINT WARNING * * *
You barely miss something. Your bite misses something. Something hits you.
* * * LOW HITPOINT WARNING * * *
Something shocks you.
* * * LOW HITPOINT WARNING * * *
You barely miss something. Something hits you but does no damage.
You hit something. Something hits you.
You die...

#................. .........
##..(.......................
#####................#........
#................... #........
##..........≈......# ..####..
#.................##....
##...<
##.......###......##....
#...#.
#....######..{.....#...#
#..#.. ##..##
#..)@.....#..####.##. #.##
#.....^..##...###†##. ###
#...........#..##.#..
#.....#.....#........
####..#..#†....[..#.#
#..#..##.........#
##.......###......
##..†....#..####<
#...##...>......


There were no monsters in sight!

Vanquished Creatures
  An ogre (D:3)
  A phantom (D:3)
  Crazy Yiuf (D:3)
  A hound (D:4)
  3 orc wizards (D:3)
  4 adders
  A dart slug (D:3)
  6 orcs
  8 ball pythons
  6 endoplasms
  3 giant cockroaches
  4 goblins
  7 hobgoblins
  2 jackals (D:2)
  5 quokkas
  7 bats
  3 frilled lizards
  5 kobolds
  A rat (D:2)
69 creatures vanquished.

Notes
Turn   | Place    | Note
-------+----------+-------------------------------------------
     0 | D:1      | Garessta the Gnoll Gladiator began the quest for the Orb.
     0 | D:1      | Reached XP level 1. HP: 20/20 MP: 1/1
   305 | D:1      | Reached XP level 2. HP: 25/26 MP: 2/2
   613 | D:1      | Found a faded altar of an unknown god.
   935 | D:2      | Reached XP level 3. HP: 29/31 MP: 3/3
  1191 | D:2      | Reached skill level 1 in Invocations
  1316 | D:2      | Reached skill level 1 in Short Blades
  1316 | D:2      | Reached skill level 1 in Axes
  1316 | D:2      | Reached skill level 1 in Maces & Flails
  1316 | D:2      | Reached skill level 1 in Polearms
  1316 | D:2      | Reached skill level 1 in Staves
  1316 | D:2      | Reached skill level 1 in Ranged Weapons
  1316 | D:2      | Reached skill level 1 in Armour
  1316 | D:2      | Reached skill level 1 in Stealth
  1316 | D:2      | Reached skill level 1 in Shields
  1316 | D:2      | Reached skill level 1 in Unarmed Combat
  1316 | D:2      | Reached skill level 1 in Spellcasting
  1316 | D:2      | Reached skill level 1 in Evocations
  1871 | D:3      | Reached XP level 4. HP: 35/38 MP: 5/5
  2064 | D:3      | Noticed an ogre
  2105 | D:3      | Killed an ogre
  2106 | D:3      | Reached skill level 1 in Conjurations
  2106 | D:3      | Reached skill level 1 in Hexes
  2106 | D:3      | Reached skill level 1 in Summonings
  2106 | D:3      | Reached skill level 1 in Necromancy
  2106 | D:3      | Reached skill level 1 in Translocations
  2106 | D:3      | Reached skill level 1 in Transmutations
  2106 | D:3      | Reached skill level 1 in Fire Magic
  2106 | D:3      | Reached skill level 1 in Ice Magic
  2106 | D:3      | Reached skill level 1 in Air Magic
  2106 | D:3      | Reached skill level 1 in Earth Magic
  2106 | D:3      | Reached skill level 1 in Poison Magic
  2106 | D:3      | Reached XP level 5. HP: 5/43 MP: 5/7
  3263 | D:3      | Found a runed translucent door.
  3264 | D:3      | Noticed Crazy Yiuf
  3320 | D:3      | Killed Crazy Yiuf
  3321 | D:3      | Reached XP level 6. HP: 11/50 MP: 8/8
  3643 | D:3      | Reached skill level 5 in Fighting
  3643 | D:3      | Reached skill level 5 in Throwing
  4005 | D:4      | Noticed a sky beast
  4035 | D:4      | Slain by a sky beast

Illustrated notes

Levels and vault maps discovered:
D:1:      dpeg_arrival_houses_and_road, layout_rooms,
          dilly_ecumenical_altar_fadedgnrine, grunt_decor_mini_mirrors
D:2:      layout_basic
D:3:      minmay_skewed_foursquare, layout_basic, uniq_crazy_yiuf_cottage
D:4:      layout_cave_pools

Skill      XL: |  1  2  3  4  5  6 |
---------------+-------------------+-----
Invocations    | 1 2 |  2.4
Short Blades   | 1 2 |  2.2
Axes           | 1 2 |  2.2
Maces & Flails | 1 2 |  2.2
Polearms       | 1 2 |  2.2
Staves         | 1 2 |  2.2
Ranged Weapons | 1 2 |  2.2
Armour         | 1 2 |  2.2
Stealth        | 1 2 |  2.2
Shields        | 1 2 |  2.2
Unarmed Combat | 1 2 |  2.2
Spellcasting   | 1 2 |  2.2
Evocations     | 1 2 |  2.2
Conjurations   | 1 |  1.8
Hexes          | 1 |  1.8
Summonings     | 1 |  1.8
Necromancy     | 1 |  1.8
Translocations | 1 |  1.8
Transmutations | 1 |  1.8
Fire Magic     | 1 |  1.8
Ice Magic      | 1 |  1.8
Air Magic      | 1 |  1.8
Earth Magic    | 1 |  1.8
Poison Magic   | 1 |  1.8
Fighting       | 5 |  5.1
Throwing       | 5 |  5.1
Long Blades    | |  6.9
Dodging        | |  6.9

Action                   |  1- 3 |  4- 6 || total
-------------------------+-------+-------++-------
Melee: Long sword        |   116 |    52 ||   168
       Bite              |    17 |    12 ||    29
       Dagger            |       |    10 ||    10
       Unarmed           |       |     1 ||     1
       Quarterstaff      |       |    40 ||    40
Throw: Stone             |     1 |     3 ||     4
       Throwing net      |       |     4 ||     4
 Stab: Sleeping          |     3 |     2 ||     5
       Held in net/web   |       |     1 ||     1
Armor: Leather armour    |    44 |    13 ||    57
Dodge: Dodged            |    95 |    62 ||   157

Table legend: (Time is in decaauts)
 A = Elapsed time spent in this place.
 B = Non-inter-level travel time spent in this place.
 C = Inter-level travel time spent in this place.
 D = Time resting spent in this place.
 E = Time spent auto-exploring this place.
 F = Levels seen in this place.
 G = Mean time per level.
                   A        B        C        D        E       F      G
               +--------+--------+--------+--------+--------+-----+--------+
         Total |   4050 |   3982 |     68 |     99 |   3227 |   4 | 1012.5 |
       Dungeon |   4050 |   3982 |     68 |     99 |   3227 |   4 | 1012.5 |
               +--------+--------+--------+--------+--------+-----+--------+

Top non-repeatable levels by time:
     D:3: 2036 daAuts
     D:2: 1087 daAuts
     D:1: 694 daAuts
     D:4: 231 daAuts
